 Dungeon Crawl Stone Soup version 0.22-b1-59-g0aedee7 (webtiles) character file.

637 Goblin1989 the Chopper (level 7, 0/78 HPs)
             Began as a Demonspawn Chaos Knight on Aug 10, 2018.
             Slain by an ogre
             ... wielding a +0 giant club
              (18 damage)
             ... on level 5 of the Dungeon.
             The game lasted 00:10:37 (4370 turns).

Goblin1989 the Chopper (Demonspawn Chaos Knight)    Turns: 4370, Time: 00:10:38

Health: 0/78       AC: 23    Str: 14      XL:     7   Next: 25%
Magic:  7/7        EV:  2    Int: 15      God:    Xom [*.....]
Gold:   194        SH:  9    Dex: 15 (18) Spells: 6/6 levels left

rFire    . . .     SeeInvis .   a - +0 hand axe (chaos)
rCold    . . .     Gourm    .   l - +0 shield
rNeg     + + +     Faith    .   (armour currently unavailable)
rPois    +         Spirit   .   (helmet currently unavailable)
rElec    .         Reflect  .   (cloak currently unavailable)
rCorr    .         Harm     .   (gloves currently unavailable)
MR       .....     NoTele   +   (boots currently unavailable)
Stlth    ++........             (no amulet)
HPRegen  0.23/turn              (no ring)
MPRegen  0.10/turn              (no ring)

@: agile, tree-form, hasted, very quick
A: blurry vision 1, clever 1, demonic guardian 1
a: Renounce Religion


You were on level 5 of the Dungeon.
You worshipped Xom.
You were a special plaything of Xom.
You were hungry.
You were a tree.
You visited 1 branch of the dungeon, and saw 5 of its levels.

You collected 194 gold pieces.

Inventory:

Hand Weapons
 a - a +0 hand axe of chaos (weapon)
 v - a +0 hunting sling
Missiles
 g - 28 poisoned needles
 m - 103 stones (quivered) {@Q3}
 q - 19 bolts
 w - 38 sling bullets
 y - 7 needles of paralysis
 E - 2 needles of sleeping
 F - 12 arrows
Armour
 b - a +2 leather armour (melded)
 l - a +0 shield (worn)
Jewellery
 u - an uncursed ring of fire
Wands
 G - a wand of random effects (37)
Scrolls
 f - 3 scrolls of teleportation {unknown}
 k - a scroll of magic mapping {unknown}
 n - a scroll of amnesia {unknown}
 o - a scroll of fog {unknown}
 p - 3 scrolls of blinking {unknown}
 s - 2 scrolls of remove curse {unknown}
 t - 2 scrolls of identify {unknown}
Potions
 i - a potion of agility {@q5}
 j - a potion of haste {@q3,}
 r - a potion of brilliance {unknown}
 C - a potion of magic {unknown}
Comestibles
 e - 8 rations


   Skills:
 - Level 3.0 Fighting
 + Level 6.2 Axes
 - Level 1.7 Armour
 - Level 0.8 Dodging
 + Level 4.3 Shields


You had 6 spell levels left.
You didn't know any spells.
Your spell library was empty.

Dungeon Overview and Level Annotations

Branches:
Dungeon (5/15)
 Temple: D:4-7

Altars:
Xom

Shops:
D:4 (

Annotations:
D:3 2 transporters


Innate Abilities, Weirdness & Mutations

((You have a pair of antennae on your head.))
A weak demonic guardian rushes to your aid.
Scrolls take you a little longer to read.
Your mind is acute. (Int +2)


Message History

The arrow closely misses the quasit.
You block the arrow.
Your quasit bites the centaur but does no damage.
Your quasit claws the centaur but does no damage.
Your quasit claws the centaur.
You block the quasit's attack. The quasit barely misses you.
The quasit claws you.
* * * LOW HITPOINT WARNING * * *
You feel clumsy.
You take 1 damage, and have 22/52 hp.
You barely miss the quasit.
The centaur shoots an arrow.
The arrow misses your quasit.
The arrow hits the quasit.
Your quasit bites the centaur but does no damage.
Your quasit claws the centaur but does no damage.
Your quasit claws the centaur.
The quasit bites you.
* * * LOW HITPOINT WARNING * * *
You feel clumsy. You block the quasit's attack. x2
The centaur unwields an uncursed shortbow.
The centaur closely misses your quasit.
You take 2 damage, and have 20/52 hp.
It was a potion of haste.
You feel yourself speed up.
Your quasit bites the centaur.
Your quasit barely misses the centaur.
Your quasit claws the centaur but does no damage.
You block the quasit's attack.
The quasit claws you but does no damage.
You block the quasit's attack. The centaur barely misses your quasit.
Your quasit barely misses the centaur.
Your quasit claws the centaur but does no damage.
Your quasit barely misses the centaur.
You slash the quasit! You freeze the quasit.
The quasit is heavily wounded.
The quasit bites you.
* * * LOW HITPOINT WARNING * * *
You feel clumsy.
The quasit claws you but does no damage.
You block the quasit's attack. The centaur barely misses your quasit.
Your quasit barely misses the centaur.
Your quasit claws the centaur but does no damage.
Your quasit claws the centaur.
You take 2 damage, and have 18/52 hp.
It was a potion of lignification.
You turn into a tree.
Your +2 leather armour melds into your body.
Your roots penetrate the ground.
You block the quasit's attack. The quasit barely misses you.
The quasit claws you but does no damage.
The centaur misses your quasit.
You now have 27/78 hp.
It was a potion of flight.
Your roots keep you in place.
Xom roars with laughter!
Your quasit barely misses the centaur.
Your quasit claws the centaur but does no damage. x2
The quasit bites you but does no damage.
You block the quasit's attack.
The quasit claws you but does no damage.
The centaur barely misses your quasit.
It was a potion of mutation.
You feel extremely strange.
Your vision blurs.
You feel clever.
Your quasit closely misses the centaur.
Your quasit claws the centaur but does no damage.
Your quasit closely misses the centaur.
The centaur hits your quasit.
Your quasit dies!
The quasit bites you but does no damage.
You block the quasit's attack.
The quasit claws you but does no damage.
The centaur shouts!
You hit the quasit.
Space warps horribly around the quasit!
You kill the quasit!
You hit the bullfrog skeleton. You burn the bullfrog skeleton.
The bullfrog skeleton is lightly damaged.
The bullfrog skeleton hits you but does no damage.
You hit the bullfrog skeleton but do no damage.
The bullfrog skeleton seems to speed up.
The bullfrog skeleton is lightly damaged.
You block the bullfrog skeleton's attack.
You slash the bullfrog skeleton! Strange energies run through your body.
The bullfrog skeleton is heavily damaged.
The bullfrog skeleton hits you but does no damage. x2
You hit the bullfrog skeleton.
The bullfrog skeleton convulses.
The bullfrog skeleton is heavily damaged.
The bullfrog skeleton hits you.
* * * LOW HITPOINT WARNING * * *
You take 1 damage, and have 27/78 hp.
You hit the bullfrog skeleton.
The bullfrog skeleton is severely damaged.
The bullfrog skeleton hits you but does no damage.
You hit the bullfrog skeleton.
Lightning courses through the bullfrog skeleton!
You destroy the bullfrog skeleton!
The centaur wields an uncursed shortbow.
The centaur shoots an arrow.
You block the arrow.
You barely miss the ogre. You barely miss the ogre.
The ogre hits you with a giant club!
* * * LOW HITPOINT WARNING * * *
You take 9 damage, and have 18/78 hp.
You hit the ogre.
The ogre is poisoned.
The ogre is moderately wounded.
You hit the ogre. You burn the ogre.
The ogre is moderately wounded.
The ogre hits you with a giant club!!
You die...
Xom roars with laughter! ..... >.... █...█ █...█ █...█ █...█ ████████ █.c(█ █......█ ██O██

█.████.█ █♣█
█.████.█████5█
██.█.........(█
█.[..............█
█.................█
█.██.█........██....
█.██.█........█ .███
█.██.█.█........ █
█.██.█.█...██.███


You could see an ogre, a centaur and a friendly white imp.

Vanquished Creatures
  Eustachio (D:4)
  A bullfrog (D:4)
  A quasit (D:5)
  An orc priest (D:3)
  A bullfrog skeleton (D:5)
  An orc wizard (D:3)
  A worker ant (D:4)
  A gnoll (D:1)
  An adder (D:2)
  4 worms
  A dart slug (D:1)
  2 leopard geckos
  3 orcs
  9 bats
  A giant cockroach (D:1)
  7 goblins
  5 hobgoblins
  4 jackals (D:1)
  9 kobolds
  A quokka (D:3)
  A ball python (D:1)
  2 frilled lizards
  6 rats
64 creatures vanquished.

Vanquished Creatures (collateral kills)
  Sigmund (D:3)
  A phantom (D:5)
  Jessica (D:2)
  A bat (D:3)
4 creatures vanquished.

Grand Total: 68 creatures vanquished

Notes
Turn   | Place    | Note
-------+----------+-------------------------------------------
     0 | D:1      | Goblin1989 the Demonspawn Chaos Knight began the quest for the Orb.
     0 | D:1      | Reached XP level 1. HP: 18/18 MP: 1/1
    58 | D:1      | XOM: butterfly on damage
    63 | D:1      | Reached skill level 3 in Axes
    77 | D:1      | XOM: silly message
   135 | D:1      | XOM: silly message
   350 | D:1      | Gained mutation: A weak demonic guardian rushes to your aid. [demonic ancestry]
   350 | D:1      | Reached XP level 2. HP: 24/24 MP: 2/2
   701 | D:1      | XOM: confuse monster(s)
   723 | D:1      | Gained mutation: You have a pair of small antennae on your head. [demonic ancestry]
   723 | D:1      | Reached XP level 3. HP: 22/29 MP: 3/3
   925 | D:1      | XOM: cloud trail
   936 | D:1      | Reached skill level 4 in Axes
  1092 | D:1      | XOM: god gift: scroll labeled ANONOY KARPHOORI {god gift}
  1160 | D:1      | XOM: divination: detect creatures
  1292 | D:2      | XOM: scenery: create altars
  1468 | D:2      | XOM: god gift: shortbow {god gift}
  1522 | D:2      | XOM: confuse monster(s)
  1623 | D:2      | XOM: harmless Erth miscast
  1995 | D:2      | XOM: 1-stop teleportation journey
  2079 | D:2      | Noticed Jessica
  2084 | D:2      | Killed Jessica
  2084 | D:2      | Reached skill level 1 in Shields
  2084 | D:2      | Reached XP level 4. HP: 29/35 MP: 4/4
  2419 | D:3      | Noticed Sigmund
  2428 | D:3      | XOM: cleaving
  2431 | D:3      | Killed Sigmund
  2431 | D:3      | Reached skill level 5 in Axes
  2431 | D:3      | Gained mutation: You have a pair of antennae on your head. [demonic ancestry]
  2431 | D:3      | Reached XP level 5. HP: 26/41 MP: 5/5
  2523 | D:3      | Reached XP level 6. HP: 25/47 MP: 6/6
  2731 | D:3      | XOM: summons 3 hostile demons
  2775 | D:3      | Found a transporter.
  2792 | D:3      | Found a transporter.
  2840 | D:3      | XOM: butterfly on damage
  2857 | D:3      | You fall through a shaft!
  3094 | D:4      | Noticed Eustachio
  3109 | D:4      | Killed Eustachio
  3223 | D:4      | Found Caulejem's Antique Weapon Shoppe.
  3359 | D:4      | XOM: mild Pois miscast
  3658 | D:4      | XOM: mild Tloc miscast
  3865 | D:4      | XOM: medium Hex miscast
  4197 | D:5      | Entered Level 5 of the Dungeon
  4249 | D:5      | Reached skill level 6 in Axes
  4249 | D:5      | Reached XP level 7. HP: 43/52 MP: 7/7
  4296 | D:5      | XOM: medium Summ miscast
  4297 | D:5      | Noticed a spatial vortex
  4297 | D:5      | Noticed a spatial vortex
  4359 | D:5      | Gained mutation: Scrolls take you a little longer to read. [potion of mutation]
  4359 | D:5      | Gained mutation: Your mind is acute. (Int +2) [potion of mutation]
  4370 | D:5      | Slain by an ogre

Skill      XL: |  1  2  3  4  5  6 |
---------------+-------------------+-----
Axes           | 3 4 5 6 |  6.2
Shields        | 1 2 4 |  4.3
Fighting       | |  3.0
Armour         | |  1.7
Dodging        | |  0.8

Action                   |  1- 3 |  4- 6 |  7- 9 || total
-------------------------+-------+-------+-------++-------
Melee: Hand axe          |   136 |   108 |    15 ||   259
  Use: Potion            |       |       |     5 ||     5
 Stab: Sleeping          |     1 |       |       ||     1
       Confused          |     1 |       |       ||     1
       Petrifying        |     1 |       |       ||     1
       Paralysed         |       |     1 |       ||     1
  Eat: Chunk             |     4 |     3 |       ||     7
       Ration            |       |     1 |       ||     1
Armor: Leather armour    |    52 |    32 |     5 ||    89
       Skin              |       |       |     9 ||     9
Dodge: Dodged            |    91 |    41 |     5 ||   137
Block: Shield            |    10 |    48 |    17 ||    75

Vault maps used:
D:1:      noname_arrival_rooms_in_the_neighbourhood
D:2:      uniq_jessica
D:3:      gammafunk_steamed_eel, first_ration, uniq_sigmund
D:4:      serial_shops, shop, uniq_eustachio
D:5:      uniq_crazy_yiuf_cottage, uniq_pikel
